 Dungeon Crawl Stone Soup version 0.31-a0-43-g46d131a48f (webtiles) character file.

Game seed: 4453162071525058233

5 AleXD21137 the Ruffian (level 1, -3/19 HPs)
             Began as a Ghoul Monk on May 18, 2023.
             Slain by a goblin
             ... wielding a +0 dagger
              (4 damage)
             ... on level 1 of the Dungeon.
             The game lasted 00:00:39 (162 turns).

AleXD21137 the Ruffian (Ghoul Monk)                  Turns: 162, Time: 00:00:39

Health: -3/19      AC:  2    Str: 14    XL:     1   Next: 80%
Magic:  0/0        EV:  9    Int: 11    God:
Gold:   0          SH:  0    Dex: 11    Spells: 0/0 levels left

rFire   . .          .
                       - Unarmed
rCold   + . .        c - orb {light}
rNeg    + + +        a - +0 robe
rPois   ∞            (no helmet)
rElec   .            (no cloak)
rCorr   .            (no gloves)
SInv    .            (no boots)
Will    .....        (no amulet)
Stlth   +            e - +6 ring of intelligence
HPRegen 0.00/turn    (no ring)
MPRegen 0.07/turn

%: no passive effects
@: inhibited regen, glowing, constricted
A: claws 1, cold resistance 1, negative energy resistance 3, inhibited
regeneration, torment resistance 2, devour on kill
a: no special abilities


You were on level 1 of the Dungeon.
You visited 1 branch of the dungeon, and saw 1 of its levels.

Inventory:

Armour
 a - a +0 robe (worn)
 c - an orb of light (worn)
Jewellery
 e - a +6 ring of intelligence (left claw)
Potions
 b - a potion of ambrosia
 d - a potion of might {unknown}


   Skills:
 + Level 3.4 Fighting
 + Level 2.8 Dodging
 + Level 3.4 Unarmed Combat


You couldn't memorise any spells.
You didn't know any spells.
Your spell library was empty.

Dungeon Overview and Level Annotations

Branches:
Dungeon (1/15)

Altars:


Innate Abilities, Weirdness & Mutations

You are immune to poison.
You have sharp fingernails.
Your flesh is cold resistant. (rC+)
You are immune to negative energy. (rN+++)
You do not regenerate when monsters are visible.
You are immune to unholy pain and torment.
You thrive by killing the living.


Message History

The goblin shouts!
You scratch the jackal.
You kill the jackal!
The ball python closely misses you. The ball python constricts you.
You scratch the jackal but do no damage.
The ball python bites you. The ball python constricts you.
The jackal bites you but does no damage.
The ball python bites you but does no damage.
The ball python constricts you.
You scratch the jackal.
The jackal is almost dead.
The jackal bites you.
An endoplasm comes into view.
The ball python bites you. The ball python constricts you.
You closely miss the jackal. The jackal closely misses you.
The jackal bites you but does no damage.
The ball python bites you but does no damage.
The ball python constricts you.
You scratch the jackal.
The jackal is severely wounded.
The jackal bites you. x2; The ball python closely misses you.
The ball python constricts you. The jackal closely misses you.
The jackal bites you but does no damage.
You scratch the jackal.
You kill the jackal!
The bat hits you.
The ball python bites you but does no damage.
The ball python constricts you. The jackal bites you.
* * * LOW HITPOINT WARNING * * *
The ball python's grasp on you weakens, but your attempt to escape fails.
The ball python barely misses you. The ball python constricts you.
* * * LOW HITPOINT WARNING * * *
The jackal barely misses you. The ball python bites you.
* * * LOW HITPOINT WARNING * * *
The ball python constricts you.
You scratch the goblin but do no damage.
The jackal bites you.
* * * LOW HITPOINT WARNING * * *
The goblin hits you with a +0 dagger.
You die...

#..!..... #.......
#...... #..... #....
##+# #.bJ #...
#Sg########### #...
#h@##...##...###...
###..#......#.##...
#...#....#..##...
#....#..#...##...
#.....##....##...
#######.....##....##...
#....####.###.#...##...
#.....†...# #..#..###..
#....###### #...#.###..


You could see an endoplasm, a jackal, a goblin, a bat and a ball python.

Vanquished Creatures
  A hobgoblin (D:1)
  2 jackals (D:1)
  A ball python (D:1)
  A rat (D:1)
5 creatures vanquished.

Notes
Turn   | Place    | Note
-------+----------+-------------------------------------------
     0 | D:1      | AleXD21137 the Ghoul Monk began the quest for the Orb.
     0 | D:1      | Reached XP level 1. HP: 19/19 MP: 0/0
   162 | D:1      | Slain by a goblin

Illustrated notes

Levels and vault maps discovered:
D:1:      lightli_arrival_farm, layout_basic, hangedman_decor_slide_cut

Action                     || total
---------------------------++-------
  Melee: Unarmed           ||    16
 Armour: Robe              ||     8
  Dodge: Dodged            ||    10

Table legend: (Time is in decaauts)
 A = Elapsed time spent in this place.
 B = Non-inter-level travel time spent in this place.
 C = Inter-level travel time spent in this place.
 D = Time resting spent in this place.
 E = Time spent auto-exploring this place.
 F = Levels seen in this place.
 G = Mean time per level.
                   A        B        C        D        E       F      G
               +--------+--------+--------+--------+--------+-----+--------+
         Total |    160 |    158 |      2 |      0 |    102 |   1 |  160.0 |
       Dungeon |    160 |    158 |      2 |      0 |    102 |   1 |  160.0 |
               +--------+--------+--------+--------+--------+-----+--------+

Top non-repeatable levels by time:
     D:1: 160 daAuts
